 Dungeon Crawl Stone Soup version 0.27.0-1-g7a089689b8 (webtiles) character file.

Game seed: 9550932074921461105

18 oldmanjim the Ducker (level 2, 0/17 HPs)
             Began as a Deep Elf Gladiator on Aug 3, 2021.
             Slain by a goblin (3 damage)
             ... on level 1 of the Dungeon.
             The game lasted 00:04:10 (919 turns).

oldmanjim the Ducker (Deep Elf Gladiator)            Turns: 919, Time: 00:04:10

Health: 0/17       AC:  4    Str: 11    XL:     2   Next: 51%
Magic:  4/4        EV: 13    Int: 12    God:
Gold:   14         SH:  0    Dex: 16    Spells: 1/1 levels left

rFire    . . .     SeeInvis .   e - staff of conjuration
rCold    . . .     Faith    .   (no shield)
rNeg     . . .     Spirit   .   b - +0 leather armour
rPois    .         Reflect  .   c - +0 helmet
rElec    .         Harm     .   (no cloak)
rCorr    .         Rampage  .   (no gloves)
Will     .....                  (no boots)
Stlth    +.........             (no amulet)
HPRegen  0.05/turn              (no ring)
MPRegen  0.09/turn              (no ring)

@: no status effects
A: no striking features
a: no special abilities


You were on level 1 of the Dungeon.
You visited 1 branch of the dungeon, and saw 1 of its levels.

You collected 14 gold pieces.

Inventory:

Hand Weapons
 a - a +0 rapier
Missiles
 d - 3 throwing nets (quivered)
 f - 3 stones
Armour
 b - a +0 leather armour (worn)
 c - a +0 helmet (worn)
Magical Staves
 e - a staff of conjuration (weapon)
Scrolls
 g - a scroll of enchant armour {unknown}
 h - a scroll of fear {unknown}
 i - a scroll of immolation {unknown}


   Skills:
 - Level 2.0 Fighting
 - Level 3.0 Short Blades
 - Level 2.0 Throwing
 - Level 4.0 Dodging
 + Level 1.4 Evocations


You had one spell level left.
You didn't know any spells.
Your spell library was empty.

Dungeon Overview and Level Annotations

Branches:
Dungeon (1/15)

Altars:


Message History

The jackal bites you but does no damage.
You are too injured to fight recklessly!
You hit the jackal.
The jackal is heavily wounded.
The jackal closely misses you.
You closely miss the jackal.
The jackal is moderately wounded.
The jackal bites you but does no damage.
The jackal barely misses you.
You closely miss the jackal.
The jackal is moderately wounded.
The jackal barely misses you. The jackal closely misses you.
You completely miss the jackal.
The jackal is moderately wounded.
The jackal completely misses you.
The jackal stops to sniff the ground.
The jackal bites you but does no damage.
You closely miss the jackal.
The jackal is moderately wounded.
The jackal closely misses you.
You hit the jackal.
The jackal is heavily wounded.
The jackal bites you but does no damage.
The jackal bites you.
* * * LOW HITPOINT WARNING * * *
You barely miss the jackal.
The jackal is heavily wounded.
The jackal misses you. The jackal barely misses you.
You hit the jackal.
The jackal is severely wounded.
The jackal bites you.
* * * LOW HITPOINT WARNING * * *
You barely miss the jackal.
The jackal is severely wounded.
The jackal barely misses you.
The jackal bites you but does no damage.
You hit the jackal.
You kill the jackal!
The goblin hits you with a +0 club.
You die...

#..#...# #...
.###$.#.#.###.. ...##
......†........ .##.##
#)...# ...... # #.#..#
...### #.#....####.### #
#.#..#..†...... ..
#..g##.###..#... #.
#...@..# ...... #.
#..##..#####......# #.
#....##..>#..........###
#.##.#..................
...##...............>...#
.................#......#
...............#.##....
....#.........##...##..
....#........## #.....


You could see a goblin.

Vanquished Creatures
  An endoplasm (D:1)
  3 giant cockroaches (D:1)
  A goblin (D:1)
  A jackal (D:1)
  2 kobolds (D:1)
  A quokka (D:1)
  3 ball pythons (D:1)
  3 bats (D:1)
  4 rats (D:1)
19 creatures vanquished.

Notes
Turn   | Place    | Note
-------+----------+-------------------------------------------
     0 | D:1      | oldmanjim the Deep Elf Gladiator began the quest for the
                  | Orb.
     0 | D:1      | Reached XP level 1. HP: 12/12 MP: 3/3
   386 | D:1      | Reached XP level 2. HP: 15/17 MP: 4/4
   445 | D:1      | Reached skill level 4 in Dodging
   868 | D:1      | Reached skill level 1 in Evocations
   919 | D:1      | Slain by a goblin

Illustrated notes

Levels and vault maps discovered:
D:1:      lightli_arrival_windingriver, layout_rooms, minmay_octomino_c4

Skill      XL: |  1  2 |
---------------+-------+-----
Dodging        | 4 |  4.0
Fighting       | 2 |  2.0
Evocations     | 1 |  1.4
Short Blades   | |  3.0
Throwing       | |  2.0

Action                   || total
-------------------------++-------
Melee: Staff             ||    74
 Stab: Sleeping          ||     1
Armor: Leather armour    ||    29
Dodge: Dodged            ||    63
